 Dungeon Crawl Stone Soup version 0.19-a0-993-g3130bb9 (webtiles) character file.

82 AlphabetPasta the Ruffian (level 4, 0/38 HPs)
             Began as a Ghoul Gladiator on July 16, 2016.
             Slain by an orc
             ... wielding a +0 trident
              (3 damage)
             ... on level 3 of the Dungeon.
             The game lasted 00:06:01 (1674 turns).

AlphabetPasta the Ruffian (Ghoul Gladiator)         Turns: 1674, Time: 00:06:02

Health: 0/38       AC:  7    Str: 18    XL:     4   Next: 43%
Magic:  3/3        EV: 11    Int:  4    God:
Gold:   72         SH:  0    Dex:  9    Spells: 0 memorised, 3 levels left

rFire  . . .     SeeInvis .       - Unarmed
rCold  + . .     Gourm    .     o - +0 ring mail
rNeg   + + +     Faith    .     (no shield)
rPois  ∞         Spirit   .     b - +0 helmet
rElec  .         Dismiss  .     (no cloak)
rCorr  .         Reflect  .     (no gloves)
SustAt .         Harm     .     l - +0 pair of boots
MR     .....                    (no amulet)
Stlth  ..........               (no ring)
                                (no ring)

@: confused, rotting, not resistant to hostile enchantments, extremely
unstealthy
A: rotting body, claws 1, carnivore 3, cold resistance 1, negative energy
resistance 3, slow regeneration 1, torment resistance, unbreathing
a: no special abilities


You were on level 3 of the Dungeon.
You were not hungry.

You visited 1 branch of the dungeon, and saw 3 of its levels.

You collected 72 gold pieces.

Inventory:

Missiles
 c - 2 throwing nets (quivered)
Armour
 a - a +0 leather armour
 b - a +0 helmet (worn)
 k - a +0 helmet
 l - a +0 pair of boots (worn)
 o - a +0 ring mail (worn)
Jewellery
 e - an uncursed ring of stealth {unknown}
Scrolls
 h - 3 scrolls of fog {unknown}
 i - 3 scrolls of identify {unknown}
 n - a scroll of amnesia {unknown}
 q - a scroll of enchant armour {unknown}
Potions
 j - a potion of berserk rage {unknown}
 m - a potion of curing {unknown}
 p - a potion of cure mutation {unknown}
Comestibles
 d - a meat ration
 f - 2 chunks of flesh


   Skills:
 + Level 3.1 Fighting
 + Level 2.3 Throwing
 + Level 0.1 Armour
 + Level 3.2 Dodging
 * Level 4.1 Unarmed Combat


You had 3 spell levels left.
You didn't know any spells.

Dungeon Overview and Level Annotations

Branches:
Dungeon (3/15)

Altars:


Innate Abilities, Weirdness & Mutations

Your body is rotting away.
You thrive on raw meat.
You are immune to poison.
You have sharp fingernails.
You are carnivorous and can eat meat at any time.
Your flesh is cold resistant. (rC+)
You are immune to negative energy. (rN+++)
You regenerate slowly when monsters are visible.
You are immune to unholy pain and torment.
You can survive without breathing.


Message History

The orc hits you from afar with a trident.
You bump into the rock wall.
You feel less confused. Something hits you but does no damage.
The orc hits you from afar with a trident.
You barely miss something. Something hits you but does no damage.
You miss something.
The orc hits you from afar with a trident.
* * * LOW HITPOINT WARNING * * *
You hear some strange, mumbled words.
You are confused.
The orc hits you from afar with a trident.
* * * LOW HITPOINT WARNING * * *
You hear some strange, mumbled words.
A magic dart appears from out of thin air!
The magic dart hits you!
* * * LOW HITPOINT WARNING * * *
It was a potion of magic.
Magic courses through your body.
The orc hits you from afar with a trident.
You die...

#.......
#......> .####
#.....
.....###... #
#.....#
#.##...(o#
#......#o#
###..ZK#{##
#oo..#.@##
#....##..##
#.o....###..##
#o.....# ##..#
o.......#
##.##
.$......#
#..####
#..#....#
##....#
##..#...#
####.######
##......##


You could see 2 orcs.

Vanquished Creatures
  3 adders (D:2)
  An adder skeleton (D:3)
  2 worms (D:2)
  2 giant geckos
  An orc (D:3)
  3 giant cockroaches (D:2)
  4 goblins
  7 hobgoblins
  A jackal (D:2)
  A quokka (D:2)
  2 ball pythons
  2 bats (D:3)
  5 kobolds
  10 rats
44 creatures vanquished.

Notes
Turn   | Place    | Note
-------+----------+-------------------------------------------
     0 | D:1      | AlphabetPasta the Ghoul Gladiator began the quest for the Orb.
     0 | D:1      | Reached XP level 1. HP: 17/17 MP: 0/0
   459 | D:1      | Reached XP level 2. HP: 25/25 MP: 1/1
   722 | D:2      | Reached XP level 3. HP: 30/30 MP: 2/2
  1177 | D:2      | Reached XP level 4. HP: 37/37 MP: 3/3
  1565 | D:2      | Reached skill level 4 in Unarmed Combat
  1674 | D:3      | Slain by an orc

Vault maps used:
D:1:      lightli_arrival_windingriver
D:2:      minmay_wonky_spiral, first_bread
D:3:      lemuel_tele_altar, uniq_sigmund

Skill      XL: |  1  2  3  4 |
---------------+-------------+-----
Throwing       | 2 |  2.3
Dodging        | 3 |  3.2
Fighting       | 3 |  3.1
Unarmed Combat | 4 |  4.1
Armour         | |  0.1

Action                   |  1- 3 |  4- 6 || total
-------------------------+-------+-------++-------
Melee: Unarmed           |    77 |    70 ||   147
Throw: Throwing net      |     4 |       ||     4
  Use: Potion            |       |     1 ||     1
  Eat: Chunk             |    26 |     7 ||    33
Armor: Leather armour    |    12 |     2 ||    14
       Ring mail         |       |    29 ||    29
Dodge: Dodged            |    31 |    32 ||    63
